 Dungeon Crawl Stone Soup version 0.18-a0-1343-g48c8f86 (webtiles) character file.

85 M4edhros the Insei (level 4, 0/35 HPs)
             Began as a Mummy Monk on Feb 16, 2016.
             Slain by an adder (2 damage)
             ... in a sewer.
             The game lasted 00:03:41 (3213 turns).

M4edhros the Insei (Mummy Monk)                     Turns: 3213, Time: 00:03:41

Health: 0/35       AC:  0    Str: 14    XL:     4   Next: 25%
Magic:  4/4        EV: 13    Int:  9    God:
Gold:   59         SH:  0    Dex: 15    Spells: 0 memorised, 3 levels left

rFire  x . .     SeeInvis .       - Unarmed
rCold  + . .     Gourm    .     (no armour)
rNeg   + + +     Faith    .     (no shield)
rPois  ∞         Spirit   .     (no helmet)
rElec  .         Dismiss  .     (no cloak)
rCorr  .         Reflect  .     (no gloves)
SustAt .         Harm     .     (no boots)
MR     .....                    (no amulet)
Stlth  ++........               (no ring)
                                (no ring)

@: not resistant to hostile enchantments, unstealthy
A: no food or potions, fire vulnerability, cold resistance 1, negative energy
resistance 3, torment resistance, unbreathing
a: no special abilities


You were in a sewer.
You were not hungry.

You visited 1 branch of the dungeon, and saw 3 of its levels.
You also visited: Sewer.

You collected 59 gold pieces.

Inventory:

Scrolls
 a - a scroll of amnesia {unknown}
 b - 5 scrolls of teleportation {unknown}
 c - 2 scrolls of enchant armour {unknown}
 d - a scroll of remove curse {unknown}
 e - a scroll of recharging {unknown}
 f - a scroll of fog {unknown}


   Skills:
 - Level 3.0 Fighting
 - Level 2.4 Dodging
 - Level 1.5 Stealth
 + Level 4.8 Unarmed Combat


You had 3 spell levels left.
You didn't know any spells.

Dungeon Overview and Level Annotations

Branches:
Dungeon (3/15)

Altars:

Annotations:
D:2 Terence


Innate Abilities, Weirdness & Mutations

You do not eat or drink.
Your flesh is vulnerable to fire.
You are immune to poison.
Your flesh is cold resistant.
You are immune to negative energy.
You are immune to unholy pain and torment.
You can survive without breathing.


Message History

You hit the adder but do no damage.
The adder is severely wounded.
The adder bites you.
* * * LOW HITPOINT WARNING * * *
You are too injured to fight recklessly!
You barely miss the adder.
The adder is severely wounded.
The adder bites you.
* * * LOW HITPOINT WARNING * * *
You are too injured to fight recklessly!
You hit the adder.
The adder is severely wounded.
The adder barely misses you.
You closely miss the adder.
The adder is severely wounded.
The adder misses you.
You barely miss the adder.
The adder is severely wounded.
The adder bites you.
You die...

#≈≈≈≈.∩.#≈#..≈.###### #.#≈#≈
#≈≈≈≈.≈.#≈###≈≈≈≈≈≈≈# ###≈#≈
######P≈#≈# ##.###### #≈#≈
#!≈≈≈≈P.#≈# #(...≈)# ###≈#≈
######.##≈# #..≈≈≈≈# #.#≈#≈
P.##≈# ##≈≈≈(####P####.#≈#≈ PP##
#≈.P.≈≈≈≈≈≈≈≈≈.#≈#≈ ###
#########≈..#########≈#≈#
≈≈≈≈≈≈≈≈S@≈≈(..≈....≈≈#≈#
###.######≈(..≈..≈≈≈...#≈#≈ #≈#
#..(≈..≈.≈≈≈..≈.P.≈ #≈#
##≈.(.≈.≈.≈P≈.≈≈P≈P≈ #≈#
##.≈)≈)..≈.PPP≈.≈≈.≈≈ #≈#
##.≈≈.≈≈...P..PP....≈≈ ≈ #≈#
##.≈....≈≈≈P≈.#≈#≈≈.≈≈≈ ≈≈≈
#≈###.≈..≈..PPP.≈.#≈#..≈≈≈≈
#≈≈≈≈#≈#..≈.≈.≈.≈P≈≈.≈≈#≈#≈≈≈≈≈≈


You could see an adder.

Vanquished Creatures
  3 adders
  A giant gecko (D:1)
  4 bats (D:1)
  4 giant cockroaches
  5 goblins
  8 hobgoblins
  3 jackals (Sewer)
  A quokka (D:2)
  2 ball pythons (Sewer)
  7 giant newts
  14 kobolds
  3 rats (D:1)
55 creatures vanquished.

Notes
Turn   | Place    | Note
--------------------------------------------------------------
     0 | D:1      | M4edhros the Mummy Monk began the quest for the Orb.
     0 | D:1      | Reached XP level 1. HP: 18/18 MP: 1/1
   468 | D:1      | Reached XP level 2. HP: 14/24 MP: 2/2
  1169 | D:1      | Reached skill level 4 in Unarmed Combat
  1589 | D:1      | Reached XP level 3. HP: 29/29 MP: 3/3
  2024 | D:2      | Noticed Terence
  2268 | D:3      | Found a glowing drain.
  2437 | Sewer    | Entered a sewer
  2448 | Sewer    | Reached XP level 4. HP: 30/35 MP: 4/4
  3213 | Sewer    | Slain by an adder

Vault maps used:
D:1:      shiori_arrival_oz
D:2:      marbit_many_paths, lemuel_doored_altar, first_bread,
          mrwooster_statue_mirror, minmay_rat_gold_closets, uniq_terence,
          uniq_natasha, uniq_crazy_yiuf_cottage
D:3:      gup_sewer_entry_glass, st_stairs_7, nemelex_lonely_heart_becter,
          uniq_robin
Sewer:    sewer_co_scattered_pipes

Action                   |  1- 3 |  4- 6 || total
-------------------------+-------+-------++-------
Melee: Unarmed           |   152 |    84 ||   236
 Stab: Sleeping          |     1 |       ||     1
